AoeStats
← Joey_did_it

Four Lakes

510207759Analyzed
1v1 RM · 2d ago on Sep 30, 2026· 83m 40s· 2 players
Game mode
Random Map
Map size
Tiny (2 player)
Population
200
Speed
Normal
Resources
Standard
Victory
Conquest
Starting age
Dark Age
Ending age
Imperial Age
RankedLock teamsTeams togetherTeam positionsShared explorationLock speedFull tech treeHidden civsTurbo modeCheats
Victory
Defeat
🇺🇸 Aztecs · United States
846
+15
🇺🇸 Sicilians · United States
816
-36
Joey_did_it
14:27 Feudal Age
16:17 Wheelbarrow
29:15 Man-at-Arms
32:19 Gold Mining
35:22 Castle Age
33:28 Horse Collar
39:39 Husbandry
39:28 Double-Bit Axe
40:06 Hand Cart
41:47 Long Swordsman
44:01 Heavy Plow
44:16 Bow Saw
44:54 Gold Shaft Mining
51:22 Scale Barding Armor
53:21 Chain Barding Armor
54:29 Gambesons
56:07 Scale Mail Armor
60:06 Chain Mail Armor
68:23 Forging
Rhomduil8014
14:30 Feudal Age
15:47 Double-Bit Axe
16:23 Man-at-Arms
22:22 Castle Age
21:53 Fishing Lines
25:54 Bow Saw
29:05 Imperial Age
26:31 Fletching
26:41 Padded Archer Armor
27:09 Forging
26:59 Scale Mail Armor
28:56 Ballistics
28:44 Bodkin Arrow
29:07 Leather Archer Armor
30:54 Wheelbarrow
30:04 Town Watch
30:06 Loom
31:24 Chemistry
30:13 Crossbowman
32:03 Town Patrol
32:21 Squires
32:07 Arson
33:46 Bracer
34:19 Fortified Wall
34:50 Iron Casting
34:31 Chain Mail Armor
33:39 Arbalester
35:18 Garland Wars
36:08 Hand Cart
43:33 Conscription
52:37 Spies/Treason
52:53 Elite Jaguar Warrior
54:59 Elite Skirmisher
56:42 Blast Furnace
56:13 Plate Mail Armor
55:27 Treadmill Crane
55:38 Heated Shot
55:39 Guard Tower
55:35 Arrowslits
56:11 Shipwright
56:01 Clinker Construction
56:02 Careening
55:58 Siege Engineers
55:48 Murder Holes
55:20 Demolition Ship
56:11 Medium Warships
55:53 Gillnets
56:56 Horse Collar
56:40 Eagle Warrior
56:41 Pikeman
56:42 Long Swordsman
57:07 Gambesons
57:42 Gold Mining
57:43 Stone Mining
59:40 Redemption
59:30 Atonement
59:41 Fervor
59:46 Block Printing
59:57 Illumination
59:53 Sanctity
59:34 Devotion
59:55 Heresy
60:10 Theocracy
59:31 Herbal Medicine
61:15 Atlatl
60:47 Sappers
61:12 Elite Eagle Warrior
61:13 Two-Handed Swordsman
63:37 Caravan
64:08 Coinage
63:46 Champion
65:07 Heavy Warships
68:38 Gold Shaft Mining
68:39 Stone Shaft Mining
68:45 Banking
68:21 Heavy Plow
68:45 Faith
72:31 Crop Rotation
79:50 Onager
79:54 Capped Ram
80:54 Siege Ram
81:09 Siege Onager
Connection lost

Rejoining the realm…

Still unreachable

The connection could not be restored.

Session expired

The server has moved on; the page needs a fresh start.